 Dungeon Crawl Stone Soup version 0.28.0-53-g5a82cb258f (webtiles) character file.

Game seed: 9197743359456657321

112 ILmort the Digger (level 4, -5/24 HPs)
             Began as a Gargoyle Earth Elementalist on Aug 14, 2022.
             Slain by a gnoll
             ... wielding a +0 halberd
              (15 damage)
             ... on level 3 of the Dungeon.
             The game lasted 00:06:17 (2446 turns).

ILmort the Digger (Gargoyle Earth Elementalist)     Turns: 2446, Time: 00:06:17

Health: -5/24      AC:  6    Str: 12    XL:     4   Next: 93%
Magic:  3/7        EV: 11    Int: 17    God:
Gold:   118        SH:  0    Dex: 10    Spells: 6/7 levels left

rFire   . . .      SeeInvis .   i - +2 whip (drain)
rCold   . . .      Faith    .   (no shield)
rNeg    + . .      Spirit   .   b - +0 robe
rPois   ∞          Reflect  .   (no helmet)
rElec   +          Harm     .   (no cloak)
rCorr   .          Rampage  .   (no gloves)
Will    .....                   o - +0 pair of boots
Stlth   ++........              (no amulet)
HPRegen 0.08/turn               (no ring)
MPRegen 0.10/turn               (no ring)

@: no status effects
A: sickness immunity, AC +3, negative energy resistance 1, electricity
resistance, torment resistance 1, petrification resistance
a: no special abilities


You were on level 3 of the Dungeon.
You visited 1 branch of the dungeon, and saw 3 of its levels.

You collected 118 gold pieces.

Inventory:

Hand Weapons
 d - a +0 short sword
 i - a +2 whip of draining (weapon)
Missiles
 c - 41 stones
Armour
 b - a +0 robe (worn)
 j - a +0 buckler
 o - a +0 pair of boots (worn)
Jewellery
 g - a ring of flight
Scrolls
 a - 2 scrolls of identify {unknown}
 f - a scroll of brand weapon {unknown}
 h - a scroll of holy word {unknown}
 l - a scroll of fog {unknown}
 m - 2 scrolls of enchant armour {unknown}
 n - a scroll of amnesia {unknown}
 p - a scroll of fear {unknown}
Potions
 e - a potion of degeneration {unknown}
 k - a potion of berserk rage {unknown}


   Skills:
 - Level 1.5 Dodging
 - Level 2.1 Stealth
 - Level 2.0 Spellcasting
 - Level 0.7 Transmutations
 + Level 6.6 Earth Magic


You had 6 spell levels left.
You knew the following spells:

 Your Spells              Type           Power      Damage    Failure   Level
a - Sandblast             Erth           48%        2d12      1%          1

Your spell library contained the following spells:

 Spells                   Type           Power      Damage    Failure   Level
 Passwall                 Tmut/Erth      11%        N/A       6%          2
 Stone Arrow              Conj/Erth      24%        3d8       16%         3
 Foxfire                  Conj/Fire      4%         2x1d4     19%         1
 Scorch                   Fire           2%         2d5       28%         2
 Petrify                  Tmut/Erth      14%        N/A       38%         4
 Conjure Flame            Conj/Fire      1%         6-21      50%         3
 Inner Flame              Hex/Fire       1%         N/A       50%         3
 Flame Wave               Conj/Fire      1%         2d4       88%         4
 Summon Cactus Giant      Summ           0%         N/A       100%        6


Dungeon Overview and Level Annotations

Branches:
Dungeon (3/15)

Altars:


Innate Abilities, Weirdness & Mutations

You are immune to sickness and miasma.
Your stone body is resilient. (AC +3)
You are immune to poison.
You resist negative energy. (rN+)
You are resistant to electric shocks. (rElec)
You are resistant to unholy torment.
You are immune to petrification.


Message History

The gnoll shouts!
You hear a shout! x3
An adder comes into view.
A gnoll comes into view. It is wielding a +0 halberd.
A gnoll comes into view. It is wielding a +0 club.
A hobgoblin comes into view.
You barely miss the gnoll. The gnoll barely misses you.
Casting: Sandblast (safe; 1% risk of failure)
Aiming: Sandblast (safe; 1% risk of failure)
Aim: a gnoll, wielding a +0 club (83% to hit)
The blast of sand hits the gnoll!
The hobgoblin shouts!
A gnoll comes into view. It is wielding a +0 whip.
The gnoll hits you but does no damage.
Casting: Sandblast (safe; 1% risk of failure)
Aiming: Sandblast (safe; 1% risk of failure)
Aim: a gnoll, wielding a +0 club (severely wounded, 83% to hit)
The blast of sand misses the gnoll.
The gnoll shouts!
The gnoll hits you but does no damage. The gnoll closely misses you.
Casting: Sandblast (safe; 1% risk of failure)
Aiming: Sandblast (safe; 1% risk of failure)
Aim: a gnoll, wielding a +0 club (severely wounded, 83% to hit)
The blast of sand hits the gnoll!
You kill the gnoll!
A dart slug comes into view.
The adder bites you but does no damage. The gnoll barely misses you.
You closely miss the adder. The adder bites you but does no damage.
The gnoll hits you from afar with a +0 halberd!
Ouch! That really hurt!
An endoplasm comes into view.
Casting: Sandblast (safe; 1% risk of failure)
Aiming: Sandblast (safe; 1% risk of failure)
Aim: an adder (68% to hit)
The blast of sand hits the adder!
You kill the adder!
The endoplasm quivers.
The gnoll barely misses you.
The gnoll hits you from afar with a +0 halberd!
Ouch! That really hurt!
You die...

#### #...#
..... ......
......
..Jw..#
.......######
#.ggg)?.#
#..g<@..#
#####...#
##.## .# ##


You could see 3 gnolls, a dart slug, an endoplasm and a hobgoblin.

Vanquished Creatures
  An iguana (D:2)
  A gnoll (D:3)
  3 adders
  2 dart slugs
  9 endoplasms
  5 giant cockroaches
  A goblin (D:2)
  7 hobgoblins
  2 jackals (D:2)
  2 quokkas
  3 ball pythons
  2 bats
  5 frilled lizards
  7 kobolds
  2 rats
52 creatures vanquished.

Notes
Turn   | Place    | Note
-------+----------+-------------------------------------------
     0 | D:1      | ILmort the Gargoyle Earth Elementalist began the quest for
                  | the Orb.
     0 | D:1      | Reached XP level 1. HP: 10/10 MP: 3/3
    72 | D:1      | Reached skill level 4 in Earth Magic
   240 | D:1      | Reached XP level 2. HP: 10/15 MP: 5/5
   812 | D:1      | Reached XP level 3. HP: 14/19 MP: 4/6
   815 | D:1      | Reached skill level 5 in Earth Magic
  1422 | D:2      | Found a faded altar of an unknown god.
  1639 | D:2      | Reached XP level 4. HP: 10/24 MP: 5/7
  1640 | D:2      | Reached skill level 6 in Earth Magic
  2446 | D:3      | Slain by a gnoll

Illustrated notes

Levels and vault maps discovered:
D:1:      mrwooster_arrival_statue, layout_rooms,
          chequers_serial_rivers_large_a, minivault_4, st_stairs_1
D:2:      minmay_recursive_quarters, layout_loops_corners,
          ebering_ecumenical_altar_webs, minmay_splitting_lines,
          ebering_dispersal_statue_hall, minmay_tetromino_o2
D:3:      layout_rooms, nicolae_overflow_hidden_temple, serial_shops, shop,
          uniq_crazy_yiuf_cottage

Skill      XL: |  1  2  3  4 |
---------------+-------------+-----
Earth Magic    | 4 5 6 |  6.6
Dodging        | |  1.5
Stealth        | |  2.1
Spellcasting   | |  2.0
Transmutations | |  0.7

Action                   |  1- 3 |  4- 6 || total
-------------------------+-------+-------++-------
Melee: Short sword       |    17 |       ||    17
       Whip              |    42 |    11 ||    53
       Punch             |     1 |       ||     1
 Cast: Sandblast         |    22 |    14 ||    36
 Stab: Sleeping          |     4 |     1 ||     5
Armor: Robe              |    23 |     6 ||    29
Dodge: Dodged            |    24 |    13 ||    37
